 Dungeon Crawl Stone Soup version 0.27-a0-1431-gcffa5a9b16 (webtiles) character file.

Game seed: 1077722963414868858

392 pokeman the Magician (level 6, -3/34 HPs)
             Began as a Deep Elf Hedge Wizard on July 2, 2021.
             Slain by a scorpion zombie (6 damage)
             ... in an ossuary.
             The game lasted 00:15:40 (3965 turns).

pokeman the Magician (Deep Elf Hedge Wizard)        Turns: 3965, Time: 00:15:40

Health: -3/34      AC:  5    Str:  7    XL:     6   Next: 50%
Magic:  9/18       EV: 12    Int: 21    God:
Gold:   121        SH:  0    Dex: 14    Spells: 8/19 levels left

rFire    + . .     SeeInvis .   q - staff of air
rCold    x . .     Faith    .   (no shield)
rNeg     . . .     Spirit   .   g - +0 leather armour
rPois    .         Reflect  .   c - +0 hat
rElec    +         Harm     .   (no cloak)
rCorr    .         Rampage  .   s - +1 pair of gloves
Will     .....                  (no boots)
Stlth    ++........             (no amulet)
HPRegen  0.11/turn              p - ring of fire
MPRegen  0.16/turn              (no ring)

@: no status effects
A: no striking features
a: no special abilities


You were in an ossuary.
You visited 1 branch of the dungeon, and saw 4 of its levels.
You also visited: Ossuary.

You collected 121 gold pieces.

Inventory:

Missiles
 e - 13 arrows
Armour
 c - a +0 hat (worn)
 g - a +0 leather armour (worn)
 s - a +1 pair of gloves (worn)
Magical Staves
 l - a staff of death
 q - a staff of air (weapon)
Jewellery
 o - an amulet of guardian spirit
 p - a ring of fire (left hand)
Scrolls
 a - a scroll of identify {unknown}
 b - a scroll of brand weapon {unknown}
 f - a scroll of fog {unknown}
 i - a scroll of noise {unknown}
 j - a scroll of vulnerability {unknown}
 r - 2 scrolls of amnesia {unknown}
Potions
 d - a potion of resistance {unknown}
 h - a potion of lignification {unknown}
 k - a potion of berserk rage {unknown}
 m - a potion of curing {unknown}
 n - a potion of haste {unknown}


   Skills:
 + Level 1.1 Fighting
 - Level 1.1 Armour
 - Level 3.0 Dodging
 - Level 3.0 Stealth
 * Level 7.1 Spellcasting
 + Level 3.3 Conjurations
 - Level 1.1 Summonings
 - Level 1.1 Translocations
 - Level 1.0 Fire Magic
 - Level 1.2 Air Magic
 - Level 1.0 Poison Magic
 + Level 1.0 Evocations


You had 8 spell levels left.
You knew the following spells:

 Your Spells              Type           Power      Damage    Failure   Level
a - Magic Dart            Conj           84%        1d7       3%          1
b - Mephitic Cloud        Conj/Pois/Air  23%        N/A       17%         3
c - Call Imp              Summ           12%        N/A       12%         2
d - Blink                 Tloc           N/A        N/A       12%         2
e - Conjure Flame         Conj/Fire      24%        6-21      16%         3

Your spell library contained the following spells:

 Spells                   Type           Power      Damage    Failure   Level
 Slow                     Hex            7%         N/A       19%         2
 Ozocubu's Armour         Ice            7%         N/A       36%         3
 Ozocubu's Refrigeration  Ice            3%         4d5       100%        7


Dungeon Overview and Level Annotations

Branches:
Dungeon (4/15)            Ossuary (1/1)
 Temple: D:4-7

Altars:

Shops:
D:1 (?


Message History

The scorpion closely misses you.
A kobold zombie comes into view.
You hit the scorpion zombie.
The scorpion zombie is lightly damaged.
The scorpion stings you.
The scorpion zombie is engulfed in blazing flames.
The scorpion zombie barely misses you.
You completely miss the scorpion.
The scorpion is severely wounded.
The scorpion zombie hits you.
A scorpion comes into view.
The scorpion barely misses you.
You hit the scorpion.
The scorpion is almost dead.
The scorpion zombie hits you. The scorpion stings you!
You catch the helpless scorpion completely off-guard!
You hit the scorpion but do no damage.
The scorpion is almost dead.
A spear hits the scorpion!
The scorpion dies!
The scorpion zombie misses you. The scorpion zombie hits you.
* * * LOW HITPOINT WARNING * * *
Your Evocations skill increases to level 1!
Casting: Mephitic Cloud (quite dangerous; 17% risk of failure)
Confirm with . or Enter, or press ? or * to list all spells.
The spell is quite dangerous to cast (16% risk of failure)!
Continue anyway?
You feel a surge of power!
The fire begins to smoulder!
The scorpion zombie misses you. The scorpion zombie hits you.
* * * LOW HITPOINT WARNING * * *
The fire ignites!
A poisoned dart misses the scorpion!
You hit the scorpion zombie but do no damage.
The scorpion zombie is moderately damaged.
The scorpion zombie is engulfed in blazing flames.
The scorpion zombie hits you but does no damage.
Unknown command.
The scorpion zombie is engulfed in blazing flames.
The scorpion zombie hits you.
You die...

#...#...#...#^^^#!!?#
#.∩.#...8...'^^^#!.!+
#...#.......#^^^#M?.#
##'###8...8###'######
#...#.......#...#...#
#.∩.'...8...#...8...#
#...#...#...#.......#
##############8...8##
.#!.!#^^^#.@.....#
.'?.M#^^^'Zs.8...#
#!.s#^^^#...#...#
######'##########
#.....# #.....#
.8.....# .........#
.........#


You could see a mummy, 2 scorpions and a scorpion zombie.

Vanquished Creatures
  A scorpion (Ossuary)
  A centaur zombie (Ossuary)
  2 human zombies (Ossuary)
  Terence (D:2)
  An iguana (D:3)
  A scorpion zombie (Ossuary)
  5 adders
  A worm (D:3)
  A dart slug (D:2)
  2 orcs
  7 ball pythons
  9 bats
  4 endoplasms
  5 giant cockroaches
  11 goblins
  7 hobgoblins
  9 jackals
  5 kobolds
  A quokka (D:1)
  2 frilled lizards
  A gnoll zombie (Ossuary)
  2 hobgoblin zombies (Ossuary)
  An orc zombie (Ossuary)
  6 rats
86 creatures vanquished.

Vanquished Creatures (others)
  A scorpion (Ossuary)
1 creature vanquished.

Grand Total: 87 creatures vanquished

Notes
Turn   | Place    | Note
-------+----------+-------------------------------------------
     0 | D:1      | pokeman the Deep Elf Hedge Wizard began the quest for the
                  | Orb.
     0 | D:1      | Reached XP level 1. HP: 10/10 MP: 7/7
   201 | D:1      | Reached XP level 2. HP: 16/16 MP: 1/9
   340 | D:1      | Found Goarphyso's Antique Weapon Shop.
   648 | D:1      | Reached skill level 5 in Spellcasting
   712 | D:1      | Reached XP level 3. HP: 19/20 MP: 2/11
   716 | D:1      | Learned a level 3 spell: Mephitic Cloud
   719 | D:1      | Learned a level 2 spell: Call Imp
   722 | D:1      | Learned a level 2 spell: Blink
   726 | D:1      | Learned a level 3 spell: Conjure Flame
   872 | D:1      | Found Mannay's Magic Scroll Boutique.
  1388 | D:2      | Noticed Terence
  1511 | D:2      | Found a faded altar of an unknown god.
  1517 | D:2      | Reached skill level 1 in Fighting
  1526 | D:2      | Reached skill level 1 in Armour
  1688 | D:2      | Reached XP level 4. HP: 25/25 MP: 1/13
  1930 | D:2      | Killed Terence
  2656 | D:3      | Reached skill level 6 in Spellcasting
  2656 | D:3      | Reached skill level 1 in Fire Magic
  2691 | D:3      | Reached XP level 5. HP: 29/29 MP: 8/15
  3683 | D:4      | Found a sand-covered staircase.
  3718 | Ossuary  | Entered an ossuary
  3742 | Ossuary  | Reached skill level 1 in Air Magic
  3825 | Ossuary  | Reached XP level 6. HP: 32/34 MP: 14/17
  3946 | Ossuary  | Reached skill level 7 in Spellcasting
  3946 | Ossuary  | Reached skill level 1 in Poison Magic
  3960 | Ossuary  | Reached skill level 1 in Evocations
  3965 | Ossuary  | Slain by a scorpion zombie

Illustrated notes

Levels and vault maps discovered:
D:1:      lordsloth_arrival_two_stooges, layout_rooms, serial_shops,
          nicolae_shop_statue_plus, shop, minmay_misc_feat_columns,
          minmay_box_of_dots
D:2:      layout_rooms, basic_ecumenical_altar, minmay_cut_off, uniq_terence
D:3:      layout_rooms, grunt_ministairs_15
D:4:      layout_loops_ring, nicolae_overflow_crystal_walls,
          serial_co_window_serial, co_window_of_opportunity_a,
          co_window_corner_a, co_window_of_opportunity_a, co_window_corner_a,
          co_window_paths_a, co_window_corner_b, co_window_2corner,
          co_window_broadway_c, co_window_2corner, co_window_broadway_c,
          co_window_paths_c, co_window_paths_c, glass_columns_a,
          nicolae_ossuary_entry_false_entrances, uniq_blork_the_orc,
          uniq_grinder
Ossuary:  ossuary_minmay_scorpions

Skill      XL: |  1  2  3  4  5  6 |
---------------+-------------------+-----
Spellcasting   | 5 6 7 |  7.1
Fighting       | 1 |  1.1
Conjurations   | 2 3 |  3.3
Armour         | 1 |  1.1
Fire Magic     | 1 |  1.0
Dodging        | 3 |  3.0
Air Magic      | 1 |  1.2
Stealth        | 3 |  3.0
Poison Magic   | 1 |  1.0
Evocations     | 1 |  1.0
Summonings     | |  1.1
Translocations | |  1.1

Action                   |  1- 3 |  4- 6 || total
-------------------------+-------+-------++-------
Melee: Dagger            |    13 |    29 ||    42
       Staff             |       |    25 ||    25
 Cast: Magic Dart        |   108 |    88 ||   196
       Conjure Flame     |     1 |     8 ||     9
       Mephitic Cloud    |       |     3 ||     3
 Stab: Confused          |       |     2 ||     2
Armor: Robe              |    15 |       ||    15
       Leather armour    |     5 |    22 ||    27
Dodge: Dodged            |    36 |    47 ||    83

Table legend: (Time is in decaauts)
 A = Elapsed time spent in this place.
 B = Non-inter-level travel time spent in this place.
 C = Inter-level travel time spent in this place.
 D = Time resting spent in this place.
 E = Time spent auto-exploring this place.
 F = Levels seen in this place.
 G = Mean time per level.
                   A        B        C        D        E       F      G
               +--------+--------+--------+--------+--------+-----+--------+
         Total |   3970 |   3803 |    167 |    183 |   2754 |   5 |  794.0 |
       Dungeon |   3718 |   3551 |    167 |    167 |   2595 |   4 |  929.5 |
       Ossuary |    251 |    251 |      0 |     16 |    159 |   1 |  251.0 |
               +--------+--------+--------+--------+--------+-----+--------+

Top non-repeatable levels by time:
     D:1: 1467 daAuts
     D:2: 1106 daAuts
     D:3: 918 daAuts
 Ossuary: 251 daAuts
     D:4: 225 daAuts
